| TOP OF THE 1ST |
|
Milwaukee Creams batting - Pitching for Charlotte Knights : RHP Scott Bankhead
|
|
Pitching: RHP Scott Bankhead
|
|
|
Batting: RHB Mark Loretta
|
0-0: Fly out, F9 (Line Drive, 9D, EV 90.6 MPH)
|
|
Batting: SHB Chipper Jones
|
0-0: Called Strike 0-1: Ball 1-1: Swinging Strike 1-2: Foul Ball, location: 2F 1-2: Strikes out looking
|
|
Batting: SHB Ken Caminiti
|
0-0: Swinging Strike 0-1: Ball 1-1: Called Strike 1-2: SINGLE (Line Drive, 6MD, EV 100.0 MPH)
|
|
Batting: LHB Carlos Delgado
|
0-0: Called Strike 0-1: Foul Ball, location: 2F 0-2: Ball 1-2: Ball 2-2: Strikes out swinging
|
| Top of the 1st over - 0 runs, 1 hit, 0 errors, 1 left on base; Milwaukee 0 - Charlotte 0 |
| BOTTOM OF THE 1ST |
|
Charlotte Knights batting - Pitching for Milwaukee Creams : RHP Tommy Greene
|
|
Pitching: RHP Tommy Greene
|
|
|
Batting: SHB Orlando Merced
|
0-0: Ball 1-0: Foul Ball, location: 2F 1-1: Ball 2-1: Called Strike 2-2: Ball 3-2: Base on Balls
|
|
Batting: LHB Jason Giambi
|
0-0: Swinging Strike 0-1: 2-RUN HOME RUN (Flyball, 9D, EV 91.3 MPH), Distance : 356 ft
|
|
Batting: SHB Carl Everett
|
0-0: Called Strike 0-1: SOLO HOME RUN (Flyball, 89XD, EV 103.1 MPH), Distance : 402 ft
|
|
Batting: RHB Nomar Garciaparra
|
0-0: Foul Ball, location: 2F 0-1: Swinging Strike 0-2: Ball 1-2: Ball 2-2: Ball 3-2: Strikes out swinging
|
|
Batting: LHB Luis Gonzalez
|
0-0: Called Strike 0-1: Foul Ball, location: 2F 0-2: Ball 1-2: SINGLE (Line Drive, 7S, EV 108.8 MPH)
|
|
Batting: RHB Shane Mack
|
0-0: Ball 1-0: Foul Ball, location: 2F 1-1: Ball 2-1: Foul Ball, location: 2F 2-2: Ball 3-2: Foul Ball, location: 2F 3-2: Strikes out swinging
|
|
Batting: RHB Tony Batista
|
0-0: Fly out, F8 (Flyball, 8LS, EV 91.3 MPH)
|
| Bottom of the 1st over - 3 runs, 3 hits, 0 errors, 1 left on base; Milwaukee 0 - Charlotte 3 |
| TOP OF THE 2ND |
|
Milwaukee Creams batting - Pitching for Charlotte Knights : RHP Scott Bankhead
|
|
Batting: LHB John Elway
|
0-0: Called Strike 0-1: Ball 1-1: Foul Ball, location: 2F 1-2: Strikes out swinging
|
|
Batting: LHB Steve Finley
|
0-0: Ball 1-0: Called Strike 1-1: Foul Ball, location: 2F 1-2: Fly out, F7 (Flyball, 7S, EV 81.3 MPH)
|
|
Batting: RHB Brad Ausmus
|
0-0: Ball 1-0: Called Strike 1-1: Fly out, F7 (Flyball, 7S, EV 92.5 MPH)
|
| Top of the 2nd over - 0 runs, 0 hits, 0 errors, 0 left on base; Milwaukee 0 - Charlotte 3 |
| BOTTOM OF THE 2ND |
|
Charlotte Knights batting - Pitching for Milwaukee Creams : RHP Tommy Greene
|
|
Batting: SHB Neifi Perez
|
0-0: Fly out, F9 (Flyball, 9, EV 95.0 MPH)
|
|
Batting: RHB Lenny Webster
|
0-0: Called Strike 0-1: Ground out 6-3 (Groundball, 6M, EV 96.9 MPH)
|
|
Batting: SHB Orlando Merced
|
0-0: Ball 1-0: Fly out, F8 (Line Drive, 8RM, EV 102.5 MPH)
|
| Bottom of the 2nd over - 0 runs, 0 hits, 0 errors, 0 left on base; Milwaukee 0 - Charlotte 3 |
| TOP OF THE 3RD |
|
Milwaukee Creams batting - Pitching for Charlotte Knights : RHP Scott Bankhead
|
|
Batting: RHB Rey Sanchez
|
0-0: Ball 1-0: Called Strike 1-1: Foul Ball, location: 2F 1-2: Ground out 6-3 (Groundball, 6M, EV 76.3 MPH)
|
|
Batting: LHB Tom Goodwin
|
0-0: Ball 1-0: Bunted foul 1-1: Called Strike 1-2: Strikes out swinging
|
|
Batting: RHB Mark Loretta
|
0-0: Ball 1-0: Ball 2-0: Ball 3-0: Called Strike 3-1: SINGLE (Line Drive, 56D, EV 94.4 MPH)
|
|
Batting: SHB Chipper Jones
|
0-0: Called Strike 0-1: Ball 1-1: Called Strike 1-2: Strikes out swinging
|
| Top of the 3rd over - 0 runs, 1 hit, 0 errors, 1 left on base; Milwaukee 0 - Charlotte 3 |
| BOTTOM OF THE 3RD |
|
Charlotte Knights batting - Pitching for Milwaukee Creams : RHP Tommy Greene
|
|
Batting: LHB Jason Giambi
|
0-0: Fly out, F8 (Flyball, 89D, EV 95.0 MPH)
|
|
Batting: SHB Carl Everett
|
0-0: Fly out, F9 (Flyball, 9LMF, EV 88.8 MPH)
|
|
Batting: RHB Nomar Garciaparra
|
0-0: SINGLE (Line Drive, 4MD, EV 98.8 MPH)
|
|
Batting: LHB Luis Gonzalez
|
0-0: Ball 1-0: Ground out 4-3 (Groundball, 4, EV 90.6 MPH)
|
| Bottom of the 3rd over - 0 runs, 1 hit, 0 errors, 1 left on base; Milwaukee 0 - Charlotte 3 |
| TOP OF THE 4TH |
|
Milwaukee Creams batting - Pitching for Charlotte Knights : RHP Scott Bankhead
|
|
Batting: SHB Ken Caminiti
|
0-0: Fly out, F9 (Flyball, 89S, EV 93.8 MPH)
|
|
Batting: LHB Carlos Delgado
|
0-0: Called Strike 0-1: Fly out, F7 (Flyball, 7, EV 87.5 MPH)
|
|
Batting: LHB John Elway
|
0-0: Ball 1-0: Ground out 1-3 (Groundball, 15S, EV 68.1 MPH)
|
| Top of the 4th over - 0 runs, 0 hits, 0 errors, 0 left on base; Milwaukee 0 - Charlotte 3 |
| BOTTOM OF THE 4TH |
|
Charlotte Knights batting - Pitching for Milwaukee Creams : RHP Tommy Greene
|
|
Batting: RHB Shane Mack
|
0-0: Called Strike 0-1: Ball 1-1: Foul Ball, location: 2F 1-2: Foul Ball, location: 2F 1-2: Ground out 3-1 (Groundball, 34, EV 82.5 MPH)
|
|
Batting: RHB Tony Batista
|
0-0: Called Strike 0-1: Ball 1-1: Swinging Strike 1-2: Ball 2-2: Ball 3-2: Base on Balls
|
|
Batting: SHB Neifi Perez
|
0-0: Called Strike 0-1: Ball 1-1: Fly out, F5 (Popup, 56S, EV 83.8 MPH)
|
|
Batting: RHB Lenny Webster
|
0-0: Called Strike Tony Batista is caught stealing 2nd base 2-4
|
| Bottom of the 4th over - 0 runs, 0 hits, 0 errors, 0 left on base; Milwaukee 0 - Charlotte 3 |
| TOP OF THE 5TH |
|
Milwaukee Creams batting - Pitching for Charlotte Knights : RHP Scott Bankhead
|
|
Batting: LHB Steve Finley
|
0-0: Ball 1-0: Ball 2-0: Called Strike 2-1: Called Strike 2-2: Fly out, F7 (Flyball, 7LS, EV 98.1 MPH)
|
|
Batting: RHB Brad Ausmus
|
0-0: Ball 1-0: Called Strike 1-1: Foul Ball, location: 2F 1-2: Ball 2-2: Strikes out looking
|
|
Batting: RHB Rey Sanchez
|
0-0: Ball 1-0: SINGLE (Line Drive, 8LS, EV 105.0 MPH)
|
|
Batting: LHB Tom Goodwin
|
0-0: Ball 1-0: Ball 2-0: Ball 3-0: Called Strike 3-1: Base on Balls Rey Sanchez to second
|
|
Batting: RHB Mark Loretta
|
0-0: SINGLE (Line Drive, 8RS, EV 112.5 MPH) Rey Sanchez to third Tom Goodwin to second Runner from 3rd tries for Home, SAFE, throw by CF to home
|
|
Batting: SHB Chipper Jones
|
0-0: Called Strike 0-1: Ball 1-1: Foul Ball, location: 2F 1-2: Strikes out looking
|
| Top of the 5th over - 1 run, 2 hits, 0 errors, 2 left on base; Milwaukee 1 - Charlotte 3 |
| BOTTOM OF THE 5TH |
|
Charlotte Knights batting - Pitching for Milwaukee Creams : RHP Tommy Greene
|
|
Batting: RHB Lenny Webster
|
0-0: Called Strike 0-1: Foul Ball, location: 2F 0-2: Strikes out swinging
|
|
Batting: SHB Orlando Merced
|
0-0: Foul Ball, location: 2F 0-1: Ball 1-1: Ball 2-1: Ball 3-1: Ground out U3 (Groundball, 3L, EV 79.4 MPH)
|
|
Batting: LHB Jason Giambi
|
0-0: Called Strike 0-1: Ball 1-1: Ball 2-1: Fly out, F8 (Flyball, 8RM, EV 80.0 MPH)
|
| Bottom of the 5th over - 0 runs, 0 hits, 0 errors, 0 left on base; Milwaukee 1 - Charlotte 3 |
| TOP OF THE 6TH |
|
Milwaukee Creams batting - Pitching for Charlotte Knights : RHP Scott Bankhead
|
|
Batting: SHB Ken Caminiti
|
0-0: Called Strike 0-1: Called Strike 0-2: Fly out, F8 (Flyball, 78M, EV 84.4 MPH)
|
|
Batting: LHB Carlos Delgado
|
0-0: Foul Ball, location: 2F 0-1: Foul Ball, location: 2F 0-2: Ball 1-2: Ball 2-2: SINGLE (Line Drive, 78S, EV 107.5 MPH)
|
|
Batting: LHB John Elway
|
0-0: Ball 1-0: Foul Ball, location: 2F 1-1: Ball 2-1: Called Strike 2-2: Strikes out swinging
|
|
Batting: LHB Steve Finley
|
0-0: Ground out U3 (Groundball, 3S, EV 86.3 MPH)
|
| Top of the 6th over - 0 runs, 1 hit, 0 errors, 1 left on base; Milwaukee 1 - Charlotte 3 |
| BOTTOM OF THE 6TH |
|
Charlotte Knights batting - Pitching for Milwaukee Creams : RHP Tommy Greene
|
|
Batting: SHB Carl Everett
|
0-0: Called Strike 0-1: Foul Ball, location: 2F 0-2: Foul Ball, location: 2F 0-2: Ground out U3 (Groundball, 3, EV 79.4 MPH)
|
|
Batting: RHB Nomar Garciaparra
|
0-0: SINGLE (Line Drive, 78S, EV 91.9 MPH)
|
|
Batting: LHB Luis Gonzalez
|
0-0: Ball 1-0: Swinging Strike 1-1: Foul Ball, location: 2F 1-2: Ball 2-2: Foul Ball, location: 2F 2-2: Strikes out swinging
|
|
Batting: RHB Shane Mack
|
0-0: Ball 1-0: Foul Ball, location: 2F 1-1: Foul Ball, location: 2F 1-2: Ball 2-2: Ball 3-2: Strikes out swinging
|
| Bottom of the 6th over - 0 runs, 1 hit, 0 errors, 1 left on base; Milwaukee 1 - Charlotte 3 |
| TOP OF THE 7TH |
|
Milwaukee Creams batting - Pitching for Charlotte Knights : RHP Scott Bankhead
|
|
Batting: RHB Brad Ausmus
|
0-0: Called Strike 0-1: Ball 1-1: Called Strike 1-2: Foul Ball, location: 2F 1-2: SINGLE (Flyball, 7S, EV 94.4 MPH)
|
|
Batting: RHB Rey Sanchez
|
0-0: Ball 1-0: Bunted foul 1-1: Bunt missed! 1-2: Grounds into double play, 4-6-3 (Groundball, 4, EV 108.8 MPH)
|
|
Batting: LHB Tom Goodwin
|
0-0: Ground out 1-3 (Groundball, P, EV 82.5 MPH)
|
| Top of the 7th over - 0 runs, 1 hit, 0 errors, 0 left on base; Milwaukee 1 - Charlotte 3 |
| BOTTOM OF THE 7TH |
|
Charlotte Knights batting - Pitching for Milwaukee Creams : RHP Tommy Greene
|
|
Batting: RHB Tony Batista
|
0-0: Ground out 5-3 (Groundball, 56, EV 106.9 MPH)
|
|
Batting: SHB Neifi Perez
|
0-0: Ball 1-0: Ball 2-0: Ball 3-0: Called Strike 3-1: Fly out, F7 (Flyball, 7LS, EV 90.6 MPH)
|
|
Batting: RHB Lenny Webster
|
0-0: Called Strike 0-1: Foul Ball, location: 2F 0-2: Ball 1-2: Ball 2-2: Foul Ball, location: 2F 2-2: Ground out 5-3 (Groundball, 56, EV 86.3 MPH)
|
| Bottom of the 7th over - 0 runs, 0 hits, 0 errors, 0 left on base; Milwaukee 1 - Charlotte 3 |
| TOP OF THE 8TH |
|
Milwaukee Creams batting - Pitching for Charlotte Knights : RHP Scott Bankhead
|
|
Now in CF: Ruben Rivera
|
|
|
Batting: RHB Mark Loretta
|
0-0: Called Strike 0-1: SINGLE (Line Drive, 89S, EV 106.3 MPH)
|
|
Batting: SHB Chipper Jones
|
0-0: Ball 1-0: Called Strike 1-1: Foul Ball, location: 2F 1-2: Ball 2-2: Foul Ball, location: 2F 2-2: Ball 3-2: Foul Ball, location: 2F 3-2: Fly out, F9 (Flyball, 9S, EV 86.3 MPH)
|
|
Pitching: RHP Todd Worrell
|
|
|
Batting: SHB Ken Caminiti
|
0-0: Ball 1-0: Called Strike 1-1: Called Strike 1-2: Fielders Choice at 2nd, 4-6 (Groundball, 4, EV 89.4 MPH)
|
|
Batting: LHB Carlos Delgado
|
0-0: Ball 1-0: Ball 2-0: Called Strike 2-1: Foul Ball, location: 2F 2-2: Ball 3-2: Strikes out looking
|
| Top of the 8th over - 0 runs, 1 hit, 0 errors, 1 left on base; Milwaukee 1 - Charlotte 3 |
| BOTTOM OF THE 8TH |
|
Charlotte Knights batting - Pitching for Milwaukee Creams : RHP Tommy Greene
|
|
Pitching: LHP Rob Murphy
|
|
|
Batting: SHB Orlando Merced
|
0-0: Ball 1-0: Called Strike 1-1: Swinging Strike 1-2: Ball 2-2: Ball 3-2: Base on Balls
|
|
Batting: LHB Jason Giambi
|
0-0: Ball 1-0: Called Strike 1-1: Called Strike 1-2: Strikes out looking
|
|
Pitching: LHP Jeff Calhoun
|
|
|
Batting: SHB Carl Everett
|
0-0: Ball 1-0: SINGLE (Groundball, 6MD, EV 98.8 MPH) Orlando Merced to second
|
|
Batting: RHB Nomar Garciaparra
|
0-0: Swinging Strike 0-1: Ball 1-1: TRIPLE (Flyball, 9LD, EV 110.6 MPH) Orlando Merced scores Carl Everett scores
|
|
Batting: LHB Luis Gonzalez
|
0-0: Called Strike 0-1: Ball 1-1: Ball 2-1: Called Strike 2-2: Strikes out swinging
|
|
Batting: RHB Ruben Rivera
|
0-0: Foul Ball, location: 2F 0-1: Foul Ball, location: 2F 0-2: Foul Ball, location: 2F 0-2: Ball 1-2: Fly out, F8 (Flyball, 8RM, EV 80.6 MPH)
|
| Bottom of the 8th over - 2 runs, 2 hits, 0 errors, 1 left on base; Milwaukee 1 - Charlotte 5 |
| TOP OF THE 9TH |
|
Milwaukee Creams batting - Pitching for Charlotte Knights : RHP Todd Worrell
|
|
Batting: LHB John Elway
|
0-0: Called Strike 0-1: Called Strike 0-2: Ball 1-2: Strikes out swinging
|
|
Batting: LHB Steve Finley
|
0-0: Swinging Strike 0-1: Swinging Strike 0-2: Ball 1-2: Strikes out swinging
|
|
Batting: RHB Brad Ausmus
|
0-0: Called Strike 0-1: DOUBLE (Line Drive, 78D, EV 100.6 MPH)
|
|
Batting: RHB Rey Sanchez
|
0-0: Ball 1-0: Foul Ball, location: 2F 1-1: Called Strike 1-2: SINGLE (Groundball, 6MD, EV 107.5 MPH) Brad Ausmus to third
|
|
Batting: LHB Tom Goodwin
|
0-0: Ball 1-0: Called Strike 1-1: Ball 2-1: Ball 3-1: Called Strike 3-2: SINGLE (Groundball, 3D, EV 104.4 MPH) Brad Ausmus scores Rey Sanchez to second Rey Sanchez to third
|
|
Pitching: RHP Matt Mantei
|
|
|
Batting: RHB Mark Loretta
|
0-0: Called Strike 0-1: Foul Ball, location: 2F 0-2: Ball 1-2: Fielders Choice at 2nd, 5-4 (Groundball, 56, EV 85.0 MPH)
|
| Top of the 9th over - 1 run, 3 hits, 0 errors, 2 left on base; Milwaukee 2 - Charlotte 5 |
|